[ AOE2 MATCH · #507023041 ]
UnrankedPoles vs Malay
Player's team · LOSS
Rival team · WIN
[ REPLAY ANALYSIS · EXTRACTED FROM THE RECORDED GAME ]
Feudal
14:04
Castle
21:38
Imperial
—
| APM avg | 39.7 |
| APM peak | 95 |
| eAPM avg | 17.6 |
| Villagers / military | 41 / 21 |
Focus
⚔️ 25.6% · 🌾 74.4%
Scout Cavalry ×15 · Militia ×6
Feudal
10:44
Castle
20:49
Imperial
—
| APM avg | 38.5 |
| APM peak | 70 |
| eAPM avg | 19.2 |
| Villagers / military | 44 / 27 |
Focus
⚔️ 34.2% · 🌾 65.8%
Archer ×10 · Spearman ×10 · Militia ×5 · Battering Ram ×2
Match map
Initial resources + every placement click. Lines = walls · curves = elevation contours. ◆ gold · ⬟ stone · ● berries · ✦ relic · ◌ wall gap
Your base· Open — 1t gap
hclay93's base· Open — 6t gap
Smoothed initial terrain · ◌ = detected wall gap · hover for details
Inputs per minute
— JeanLuc Petard - - hclay93
Build order — JeanLuc Petard
128 actions detected in the replay
| 0:00 | Queue | Villager (Male) |
| 0:00 | Queue | Villager (Male) |
| 0:00 | Queue | Villager (Male) |
| 0:01 | Queue | Villager (Male) |
| 0:02 | Build | House |
| 0:05 | Build | House |
| 1:34 | Queue | Villager (Male) |
| 1:34 | Queue | Villager (Male) |
| 2:06 | Queue | Villager (Male) |
| 2:32 | Build | House |
| 2:35 | Queue | Villager (Male) |
| 2:35 | Queue | Villager (Male) |
| 2:52 | Queue | Villager (Male) |
| 3:24 | Queue | Villager (Male) |
| 3:25 | Queue | Villager (Male) |
| 3:54 | Queue | Villager (Male) |
| 3:54 | Queue | Villager (Male) |
| 3:54 | Queue | Villager (Male) |
| 3:57 | Build | House |
| 4:29 | Queue | Villager (Male) |
| 4:39 | Research | Loom |
| 4:53 | Queue | Villager (Male) |
| 4:53 | Queue | Villager (Male) |
| 4:53 | Queue | Villager (Male) |
| 5:37 | Build | Barracks |
| 5:41 | Build | Palisade Wall |
| 5:42 | Build | Palisade Wall |
| 5:45 | Build | Palisade Wall |
| 6:25 | Queue | Villager (Male) |
| 6:25 | Queue | Villager (Male) |
| 6:55 | Build | Mill |
| 6:57 | Queue | Villager (Male) |
| 6:57 | Queue | Villager (Male) |
| 6:58 | Queue | Villager (Male) |
| 6:58 | Queue | Villager (Male) |
| 7:05 | Queue | Militia |
| 7:05 | Queue | Militia |
| 7:25 | Build | Palisade Wall |
| 7:45 | Queue | Militia |
| 7:45 | Queue | Militia |
| 7:46 | Queue | Militia |
| 7:46 | Queue | Militia |
| 7:56 | Build | Palisade Wall |
| 8:06 | Queue | Villager (Male) |
| 8:33 | Queue | Villager (Male) |
| 8:34 | Queue | Villager (Male) |
| 8:34 | Queue | Villager (Male) |
| 8:39 | Build | House |
| 9:12 | Queue | Villager (Male) |
| 9:18 | Build | Palisade Wall |
| 9:46 | Build | Lumber Camp |
| 10:39 | Queue | Villager (Male) |
| 10:48 | Build | House |
| 10:50 | Queue | Villager (Male) |
| 11:20 | Build | Mining Camp |
| 11:24 | Build | Palisade Wall |
| 11:29 | Build | Palisade Wall |
| 11:54 | Research | Feudal Age |
| 12:01 | Build | Palisade Wall |
| 12:18 | Build | Palisade Wall |
| 12:23 | Build | Palisade Wall |
| 12:34 | Build | Mining Camp |
| 13:07 | Build | Farm |
| 13:07 | Build | Farm |
| 13:07 | Build | Farm |
| 13:07 | Build | Farm |
| 13:20 | Build | Palisade Wall |
| 13:38 | Queue | Villager (Male) |
| 13:44 | Research | Loom |
| 13:46 | Queue | Villager (Male) |
| 14:04 | Age | Feudal Age |
| 14:05 | Research | Double-Bit Axe |
| 14:15 | Build | Farm |
| 14:45 | Build | Watch Tower |
| 14:52 | Build | Watch Tower |
| 14:58 | Build | Farm |
| 15:03 | Queue | Villager (Male) |
| 15:28 | Queue | Villager (Male) |
| 15:48 | Build | Market |
| 16:01 | Build | Farm |
| 16:11 | Build | Farm |
| 16:16 | Build | Farm |
| 16:17 | Queue | Villager (Male) |
| 16:35 | Queue | Villager (Male) |
| 16:40 | Build | Farm |
| 17:06 | Build | Farm |
| 17:08 | Queue | Villager (Male) |
| 17:12 | Build | Farm |
| 17:17 | Build | Farm |
| 17:26 | Build | Blacksmith |
| 17:33 | Queue | Villager (Male) |
| 17:37 | Build | Farm |
| 17:41 | Build | Farm |
| 17:45 | Build | Farm |
| 18:02 | Build | Farm |
| 18:24 | Queue | Villager (Male) |
| 18:36 | Build | Watch Tower |
| 18:58 | Research | Castle Age |
| 18:58 | Research | Castle Age |
| 19:18 | Build | Farm |
| 19:20 | Build | Farm |
| 19:20 | Build | Farm |
| 19:27 | Build | Stable |
| 19:31 | Build | Stable |
| 19:50 | Build | Stone Wall |
| 19:56 | Build | Stone Wall |
| 19:59 | Build | Stone Wall |
| 20:15 | Build | Stable |
| 20:54 | Queue | Scout Cavalry ×4 |
| 20:55 | Queue | Scout Cavalry ×4 |
| 21:09 | Build | Mill |
| 21:10 | Build | Farm |
| 21:11 | Build | Farm |
| 21:11 | Build | Farm |
| 21:31 | Research | Bloodlines |
| 21:38 | Age | Castle Age |
| 22:02 | Queue | Scout Cavalry |
| 22:03 | Queue | Scout Cavalry |
| 22:03 | Queue | Scout Cavalry |
| 22:29 | Research | Light Cavalry (upgrade) |
| 22:32 | Research | Scale Barding Armor |
| 23:25 | Build | Farm |
| 23:35 | Queue | Scout Cavalry |
| 23:36 | Queue | Scout Cavalry |
| 24:46 | Queue | Scout Cavalry |
| 25:00 | Build | House |
| 25:04 | Build | House |
| 25:12 | Queue | Scout Cavalry |
Build order — hclay93
First 150 of 154 actions detected
| 0:01 | Queue | Villager (Male) |
| 0:01 | Queue | Villager (Male) |
| 0:01 | Queue | Villager (Male) |
| 0:02 | Build | House |
| 0:03 | Build | House |
| 0:11 | Queue | Villager (Male) |
| 1:35 | Queue | Villager (Male) |
| 1:49 | Build | Lumber Camp |
| 1:50 | Queue | Villager (Male) |
| 2:24 | Queue | Villager (Male) |
| 2:51 | Queue | Villager (Male) |
| 2:52 | Queue | Villager (Male) |
| 3:35 | Queue | Villager (Male) |
| 3:49 | Build | House |
| 4:02 | Queue | Villager (Male) |
| 4:24 | Build | Barracks |
| 4:30 | Queue | Villager (Male) |
| 4:45 | Queue | Villager (Male) |
| 4:52 | Build | House |
| 5:20 | Queue | Militia |
| 5:50 | Queue | Militia |
| 5:59 | Queue | Militia |
| 6:10 | Queue | Villager (Male) |
| 6:12 | Build | Mill |
| 6:27 | Queue | Villager (Male) |
| 6:45 | Queue | Militia |
| 6:49 | Build | House |
| 7:01 | Queue | Villager (Male) |
| 7:14 | Queue | Militia |
| 7:30 | Build | Palisade Gate |
| 7:44 | Queue | Villager (Male) |
| 7:49 | Build | Palisade Wall |
| 8:06 | Build | Mining Camp |
| 8:08 | Queue | Villager (Male) |
| 8:31 | Queue | Villager (Male) |
| 9:09 | Build | Palisade Wall |
| 9:11 | Build | Palisade Wall |
| 9:17 | Build | Palisade Wall |
| 9:17 | Build | Palisade Wall |
| 9:26 | Research | Feudal Age |
| 9:28 | Build | Palisade Wall |
| 10:40 | Research | Loom |
| 10:44 | Age | Feudal Age |
| 10:47 | Build | Archery Range |
| 10:49 | Research | Double-Bit Axe |
| 10:52 | Queue | Villager (Male) |
| 11:16 | Build | Mill |
| 11:22 | Build | Blacksmith |
| 11:38 | Build | Palisade Wall |
| 11:42 | Queue | Villager (Male) |
| 11:48 | Queue | Archer |
| 11:54 | Build | House |
| 12:06 | Build | Palisade Wall |
| 12:16 | Queue | Villager (Male) |
| 12:18 | Build | Farm |
| 12:19 | Build | Farm |
| 12:26 | Queue | Archer |
| 12:35 | Build | Palisade Wall |
| 12:43 | Build | Farm |
| 12:47 | Queue | Villager (Male) |
| 12:51 | Build | Farm |
| 12:53 | Queue | Archer |
| 13:08 | Queue | Villager (Male) |
| 13:12 | Queue | Archer |
| 13:15 | Build | Farm |
| 13:33 | Queue | Villager (Male) |
| 13:39 | Build | Farm |
| 13:45 | Build | Palisade Wall |
| 13:50 | Build | Farm |
| 13:56 | Build | House |
| 14:01 | Queue | Villager (Male) |
| 14:03 | Queue | Villager (Male) |
| 14:46 | Queue | Archer |
| 14:46 | Queue | Villager (Male) |
| 14:48 | Build | Farm |
| 14:50 | Build | Farm |
| 14:54 | Build | House |
| 15:02 | Queue | Villager (Male) |
| 15:09 | Research | Fletching |
| 15:11 | Queue | Archer |
| 15:23 | Queue | Villager (Male) |
| 15:25 | Build | Farm |
| 15:27 | Build | House |
| 15:35 | Queue | Archer |
| 15:45 | Build | Farm |
| 15:49 | Build | Palisade Wall |
| 15:50 | Build | Palisade Wall |
| 15:58 | Queue | Archer |
| 16:11 | Queue | Villager (Male) |
| 16:15 | Build | Farm |
| 16:22 | Queue | Archer |
| 16:33 | Queue | Villager (Male) |
| 16:35 | Build | Farm |
| 16:40 | Build | Palisade Wall |
| 16:57 | Queue | Villager (Male) |
| 17:07 | Queue | Villager (Male) |
| 17:09 | Build | Farm |
| 17:21 | Queue | Villager (Male) |
| 17:24 | Build | Farm |
| 17:38 | Queue | Villager (Male) |
| 17:43 | Build | House |
| 18:10 | Build | Farm |
| 18:12 | Build | Farm |
| 19:13 | Research | Castle Age |
| 19:28 | Queue | Archer |
| 19:34 | Queue | Spearman |
| 19:34 | Queue | Spearman |
| 19:51 | Research | Horse Collar |
| 19:51 | Research | Horse Collar |
| 19:58 | Queue | Spearman |
| 19:59 | Queue | Spearman |
| 20:16 | Build | House |
| 20:18 | Build | Palisade Wall |
| 20:49 | Age | Castle Age |
| 21:03 | Research | Crossbowman (upgrade) |
| 21:03 | Research | Crossbowman (upgrade) |
| 21:10 | Build | Farm |
| 21:11 | Build | Farm |
| 21:12 | Queue | Villager (Male) |
| 21:13 | Build | House |
| 21:16 | Build | Siege Workshop |
| 21:20 | Research | Bodkin Arrow |
| 21:21 | Research | Pikeman (upgrade) |
| 21:22 | Queue | Villager (Male) |
| 21:35 | Queue | Villager (Male) |
| 22:13 | Queue | Battering Ram |
| 22:18 | Queue | Spearman |
| 22:18 | Queue | Spearman |
| 22:30 | Queue | Villager (Male) |
| 23:01 | Queue | Spearman |
| 23:02 | Queue | Villager (Male) |
| 23:23 | Queue | Spearman |
| 23:25 | Research | Forging |
| 23:27 | Build | Farm |
| 23:40 | Queue | Battering Ram |
| 23:42 | Queue | Villager (Male) |
| 23:44 | Build | House |
| 23:59 | Build | House |
| 24:01 | Build | Farm |
| 24:01 | Build | Farm |
| 24:08 | Queue | Spearman |
| 24:08 | Queue | Spearman |
| 24:17 | Build | Palisade Wall |
| 24:19 | Build | House |
| 24:25 | Build | Palisade Wall |
| 24:26 | Build | House |
| 24:28 | Build | House |
| 24:33 | Build | House |
| 24:35 | Build | House |
| 24:56 | Build | Farm |
Match timeline
| 4:24 | hclay93 · first_building Barracks |
| 5:37 | JeanLuc Petard · first_building Barracks |
| 5:41 | JeanLuc Petard · wall_segment Palisade Wall x1 |
| 5:42 | JeanLuc Petard · wall_segment Palisade Wall x1 |
| 5:45 | JeanLuc Petard · wall_segment Palisade Wall x1 |
| 7:25 | JeanLuc Petard · wall_segment Palisade Wall x10 |
| 7:49 | hclay93 · wall_segment Palisade Wall x1 |
| 7:56 | JeanLuc Petard · wall_segment Palisade Wall x4 |
| 9:09 | hclay93 · wall_segment Palisade Wall x1 |
| 9:11 | hclay93 · wall_segment Palisade Wall x1 |
| 9:17 | hclay93 · wall_segment Palisade Wall x1 |
| 9:17 | hclay93 · wall_segment Palisade Wall x1 |
| 9:18 | JeanLuc Petard · wall_segment Palisade Wall x2 |
| 9:28 | hclay93 · wall_segment Palisade Wall x1 |
| 10:44 | hclay93 · age_up feudal |
| 10:47 | hclay93 · first_building Archery Range |
| 11:24 | JeanLuc Petard · wall_segment Palisade Wall x3 |
| 11:29 | JeanLuc Petard · wall_segment Palisade Wall x8 |
| 11:38 | hclay93 · wall_segment Palisade Wall x8 |
| 12:01 | JeanLuc Petard · wall_segment Palisade Wall x6 |
| 12:06 | hclay93 · wall_segment Palisade Wall x14 |
| 12:18 | JeanLuc Petard · wall_segment Palisade Wall x13 |
| 12:23 | JeanLuc Petard · wall_segment Palisade Wall x5 |
| 12:35 | hclay93 · wall_segment Palisade Wall x6 |
| 13:20 | JeanLuc Petard · wall_segment Palisade Wall x1 |
| 13:45 | hclay93 · wall_segment Palisade Wall x1 |
| 14:04 | JeanLuc Petard · age_up feudal |
| 15:49 | hclay93 · wall_segment Palisade Wall x7 |
| 15:50 | hclay93 · wall_segment Palisade Wall x11 |
| 16:40 | hclay93 · wall_segment Palisade Wall x10 |
| 17:20 | JeanLuc Petard · first_market_sell 500 stone |
| 17:21 | JeanLuc Petard · first_market_buy 100 wood |
| 19:27 | JeanLuc Petard · first_building Stable |
| 19:50 | JeanLuc Petard · wall_segment Stone Wall x1 |
| 19:56 | JeanLuc Petard · wall_segment Stone Wall x1 |
| 19:59 | JeanLuc Petard · wall_segment Stone Wall x8 |
| 20:18 | hclay93 · wall_segment Palisade Wall x3 |
| 20:49 | hclay93 · age_up castle |
| 21:16 | hclay93 · first_building Siege Workshop |
| 21:38 | JeanLuc Petard · age_up castle |
| 24:17 | hclay93 · wall_segment Palisade Wall x1 |
| 24:25 | hclay93 · wall_segment Palisade Wall x1 |
| 25:38 | JeanLuc Petard · resign |
[ AI ANALYSIS · 1 CREDIT ]
What really happened in this match?
Wolo.gg analyzes every decision: build order, eco, micro, common mistakes by bracket. Personalized analysis on WhatsApp or Discord in 30 seconds.
Civ guide
Poles
Perfil
Jugador #21755138